 Dungeon Crawl Stone Soup version 0.28.0 (webtiles) character file.

Game seed: 17529403145990087872

38 Selrock the Chopper (level 3, 0/28 HPs)
             Began as a Demonspawn Gladiator on Feb 11, 2022.
             Slain by a kobold (6 damage)
             ... on level 2 of the Dungeon.
             The game lasted 00:03:10 (1527 turns).

Selrock the Chopper (Demonspawn Gladiator)          Turns: 1527, Time: 00:03:11

Health: 0/28       AC:  4    Str: 16    XL:     3   Next: 25%
Magic:  3/3        EV: 12    Int:  9    God:
Gold:   60         SH:  4    Dex: 14    Spells: 2/2 levels left

rFire   . . .      SeeInvis .   a - +0 war axe
rCold   . . .      Faith    .   (no shield)
rNeg    + . .      Spirit   .   b - +0 leather armour
rPois   .          Reflect  .   c - +0 helmet
rElec   .          Harm     .   (no cloak)
rCorr   .          Rampage  .   (no gloves)
Will    .....                   (no boots)
Stlth   +.........              (no amulet)
HPRegen 0.09/turn               f - ring of positive energy
MPRegen 0.08/turn               (no ring)

@: no status effects
A: large bone plates 1, powered by pain 1
a: no special abilities


You were on level 2 of the Dungeon.
You visited 1 branch of the dungeon, and saw 2 of its levels.

You collected 60 gold pieces.

Inventory:

Hand Weapons
 a - a +0 war axe (weapon)
Missiles
 d - 3 throwing nets (quivered)
Armour
 b - a +0 leather armour (worn)
 c - a +0 helmet (worn)
Jewellery
 f - a ring of positive energy (left hand)
Scrolls
 i - a scroll of enchant weapon {unknown}
 j - a scroll of teleportation {unknown}
Potions
 e - a potion of lignification {unknown}
 g - a potion of heal wounds {unknown}
 h - 2 potions of curing {unknown}


   Skills:
 + Level 2.6 Fighting
 + Level 3.2 Axes
 + Level 2.4 Throwing
 - Level 2.6 Dodging


You had 2 spell levels left.
You didn't know any spells.
Your spell library was empty.

Dungeon Overview and Level Annotations

Branches:
Dungeon (2/15)

Altars:

Shops:
D:1 [:

Annotations:
D:2 Jessica


Innate Abilities, Weirdness & Mutations

You are partially covered in large bone plates. (SH +4)
You sometimes gain a little power by taking damage.


Message History

You see here a rat skeleton.
Things that are here:
a +0 club; 4 stones; a kobold corpse
Items here: ( )))) †††.
Found 10 gold pieces.
You now have 50 gold pieces (gained 10).
A kobold comes into view. It is wielding a +0 short sword.
The kobold shouts!
The kobold hits you but does no damage.
You closely miss the kobold. The kobold misses you.
You closely miss the kobold.
The kobold hits you with a +0 short sword.
The kobold barely misses you.
You closely miss the kobold.
The kobold hits you with a +0 short sword.
You slash the kobold!
You kill the kobold!
You see here a +0 short sword.
A frilled lizard comes into view.
The frilled lizard hisses angrily.
A frilled lizard is nearby!
You miss the frilled lizard.
The frilled lizard bites you but does no damage.
You miss the frilled lizard. The frilled lizard bites you. x2
You barely miss the frilled lizard. The frilled lizard barely misses you.
You hit the frilled lizard.
You kill the frilled lizard!
A goblin comes into view. It is wielding a +0 dagger.
The goblin shouts!
A goblin is nearby!
Found a dagger.
The goblin misses you.
You barely miss the goblin. The goblin hits you but does no damage.
You completely miss the goblin. The goblin hits you with a +0 dagger.
You barely miss the goblin. The goblin closely misses you.
The goblin barely misses you.
You slash the goblin!
You kill the goblin!
You have reached level 3!
Your experience leads to an increase in your attributes!
Increase (S)trength, (I)ntelligence, or (D)exterity?
You feel stronger. x2; Your demonic ancestry asserts itself...
Large bone plates grow over parts of your arms.
You see here a +0 dagger.
Found a ruby potion.
Found 16 bolts.
An endoplasm comes into view.
Found 20 stones.
Found Qomenune's Book Shoppe.
An endoplasm is nearby!
The endoplasm quivers.
g - a ruby potion The endoplasm closely misses you.
You slash the endoplasm!
You kill the endoplasm!
Found 10 gold pieces.
There is an entrance to Qomenune's Book Shoppe here.
You now have 60 gold pieces (gained 10).
Found 2 inky potions.
h - 2 inky potions
Found a dagger.
Found a stone staircase leading down.
Found a scroll labelled SUKHUI HARRA.
You see here a +0 dagger.
Found 10 sling bullets.
i - a scroll labelled SUKHUI HARRA You open the door.
Found Lillagi's Book Shop.
Found a stone staircase leading down.
There is an open door here.
The shop is a mimic!
The shop mimic guffaws and vanishes in a puff of smoke!
A ball python comes into view.
A ball python is nearby!
A hobgoblin comes into view.
The hobgoblin shouts!
The ball python hisses angrily.
You slash the hobgoblin!
You kill the hobgoblin!
You see here a hobgoblin corpse.
You slash the ball python!
You kill the ball python!
Found a faded altar of an unknown god.
You open the door.
There is an open door here.
There is an open door here.
There is an empty arch of ancient stone here.
There is an empty arch of ancient stone here.
A hobgoblin comes into view.
The hobgoblin shouts!
The hobgoblin barely misses you.
You hit the hobgoblin.
The hobgoblin is moderately wounded.
The hobgoblin hits you but does no damage.
You barely miss the hobgoblin.
The hobgoblin is moderately wounded.
The hobgoblin hits you. The hobgoblin barely misses you.
You hit the hobgoblin but do no damage.
The hobgoblin is moderately wounded.
The hobgoblin closely misses you.
You hit the hobgoblin.
You kill the hobgoblin!
You see here a hobgoblin corpse.
You open the door.
There is an open door here.
You see here a +0 dagger.
A goblin comes into view. It is wielding a +0 club.
The goblin shouts!
The goblin closely misses you.
You closely miss the goblin. The goblin hits you with a +0 club.
You slash the goblin!
You kill the goblin!
Things that are here:
a +0 club; a goblin corpse The frilled lizard hisses angrily.
The frilled lizard misses you.
You see here 16 bolts.
You hit the frilled lizard.
You kill the frilled lizard!
There is an entrance to Qomenune's Book Shoppe here.
You see here a +0 dagger.
There is a faded altar of an unknown god here.
A goblin comes into view. It is wielding a +4 dagger.
The goblin shouts!
The goblin hits you but does no damage.
You hit the goblin.
You kill the goblin!
You see here a +4 dagger.
There is a faded altar of an unknown god here.
Items here: ( )))).
Partly explored, can't reach some places.
Partly explored, can't reach some places.
Things that are here:
a +0 club; 4 stones
Items here: ( )))).
You see here 15 stones.
There is a stone staircase leading down here.
You climb downwards.
Found a twisted smoking staff and a scroll labelled XISMIXA MAOGI.
There is a stone staircase leading up here.
The endoplasm quivers.
You hit the endoplasm.
The endoplasm is severely wounded.
The endoplasm freezes you.
You are frozen.
You barely miss the endoplasm.
The endoplasm is severely wounded.
The endoplasm freezes you.
You are frozen.
You hit the endoplasm.
You kill the endoplasm!
HP restored.
Found a chain mail.
j - a scroll labelled XISMIXA MAOGI
Found a book of the Senses.
Found 13 stones.
Found a ruby potion.
Jessica the Apprentice Sorceress comes into view.
She is wielding a +0 dagger and carrying a wand of flame (24).
Found 12 gold pieces.
Jessica shouts!
You hear a shout! x2
A worm comes into view.
Jessica casts a spell.
Jessica blinks!
A goblin comes into view. It is wielding a +0 dagger.
Jessica points at you and mumbles some strange words.
You barely resist.
Jessica points at you and mumbles some strange words.
Pain shoots through your body!
Jessica mumbles some strange words.
Jessica blinks!
A kobold comes into view. It is wielding a +0 short sword.
The kobold shouts!
Jessica grins evilly.
Jessica hits you with a +0 dagger.
You barely miss the worm. You hit Jessica.
The kobold throws a stone.
The stone hits you but does no damage. The worm barely misses you.
Jessica hits you with a +0 dagger.
An adder comes into view.
Jessica gestures wildly while chanting.
Jessica seems to speed up.
The adder moves out of view.
You barely miss the goblin. You barely miss the worm.
Jessica gestures wildly while chanting.
Jessica blinks!
The goblin hits you but does no damage.
The kobold throws a stone.
The stone misses you.
The stone barely misses the worm.
The worm bites you!
* * * LOW HITPOINT WARNING * * *
You hit the goblin.
The goblin is heavily wounded.
You completely miss the worm. You block the goblin's attack.
The kobold drinks a potion.
The kobold seems to grow stronger.
Jessica gestures wildly while chanting.
Jessica blinks!
The kobold throws a stone.
The stone hits you.
* * * LOW HITPOINT WARNING * * *
You block the goblin's attack.
You closely miss the goblin.
The goblin is heavily wounded.
Jessica mumbles some strange words.
Jessica blinks!
The goblin hits you with a +0 dagger.
* * * LOW HITPOINT WARNING * * *
You slash the goblin!
You kill the goblin!
The kobold hits you with a +0 short sword.
You die...

##...##...#...........
##############.......
#### #....... .....
#....... .....#########
#.......
.............#####......
........................
.......####............#
.......@K.#...........##
.....####.w§.#........##
... ###....#....(..# .
#.#...........
###....##.......
......#........##
...............#
.........!.....#
.......##..#####


You could see a worm and a kobold (strong).

Vanquished Creatures
  A dart slug (D:1)
  2 ball pythons (D:1)
  5 endoplasms
  A giant cockroach (D:1)
  5 goblins
  2 hobgoblins (D:1)
  3 jackals (D:1)
  7 kobolds (D:1)
  6 frilled lizards (D:1)
  A rat (D:1)
33 creatures vanquished.

Vanquished Creatures (others)
  3 plants (D:1)
3 creatures vanquished.

Grand Total: 36 creatures vanquished

Notes
Turn   | Place    | Note
-------+----------+-------------------------------------------
     0 | D:1      | Selrock the Demonspawn Gladiator began the quest for the
                  | Orb.
     0 | D:1      | Reached XP level 1. HP: 16/16 MP: 1/1
    58 | D:1      | Gained mutation: You sometimes gain a little power by
                  | taking damage. [demonic ancestry]
    58 | D:1      | Reached XP level 2. HP: 7/22 MP: 2/2
   428 | D:1      | Found Neaceoho's Antique Armour Emporium.
   436 | D:1      | Reached skill level 3 in Axes
   837 | D:1      | Gained mutation: You are partially covered in large bone
                  | plates. (SH +4) [demonic ancestry]
   837 | D:1      | Reached XP level 3. HP: 27/28 MP: 3/3
   868 | D:1      | Found Qomenune's Book Shoppe.
   922 | D:1      | Found Lillagi's Book Shop.
   949 | D:1      | Found a faded altar of an unknown god.
  1504 | D:2      | Noticed Jessica
  1527 | D:2      | Slain by a kobold

Illustrated notes

Levels and vault maps discovered:
D:1:      nzn_arrival_settlement, layout_basic, serial_shops, shop,
          nicolae_square_shop, nicolae_shop_hallway_stairs,
          ebering_ecumenical_altar_hall, serial_forest,
          infiniplex_forest_straight_2, infiniplex_forest_side_room,
          infiniplex_forest_clump_small, infiniplex_forest_lined_ring,
          infiniplex_forest_fountain, infiniplex_forest_zigzag_2,
          infiniplex_forest_clump_diagonal, infiniplex_forest_lined_room_2,
          lexackson_kobold_supper
D:2:      layout_rooms, uniq_jessica, uniq_sigmund, uniq_crazy_yiuf_cottage

Skill      XL: |  1  2 |
---------------+-------+-----
Throwing       | 2 |  2.4
Axes           | 3 |  3.2
Fighting       | |  2.6
Dodging        | |  2.6

Action                   || total
-------------------------++-------
Melee: War axe           ||    90
       Punch             ||     1
Armor: Leather armour    ||    26
Dodge: Dodged            ||    59
Block: Other             ||     2
